Cogmind - Beta 14 @@@ ROGUE MODE // 2024.08.17 @ 20:17:29 Player: NeroPrime Result: Destroyed by H-66 Slayer with Gauss Rifle Performance ------------- Evolutions (4) 2000 Regions Visited (6) 1200 Robots Destroyed (78) 390 Value Destroyed (2567) 2567 Prototype IDs (10) 200 Alien Tech Used (0) 0 Bonus (49) 49 TOTAL SCORE: 6406 Bonus ------- High Alert Combat Kills 49 Cogmind --------- Core Integrity 0/850 Matter 300/300 Energy 445/450 System Corruption 3% Temperature Cool (0) Movement Core (1450) Ox28 Location -6/Factory Parts ------- > --- POWER (2) -------- (None) > --- PROPULSION (4) --- VTOL Module > --- UTILITY (5) ------ Huge Storage Unit Energy Well Hacking Suite > --- WEAPON (4) ------- (None) > --- INVENTORY (25) --- Improved Heat Sink Advanced Sensor Array Advanced Terrain Scan Processor Improved Particle Charger Kinecellerator Force Field Relay Coupler [Heavy] (9) High-powered Tractor Beam Shock Rifle Shock Rifle Heavy Particle Gun Precision Beam Rifle Plasma Rifle Heavy Ion Cannon Flak Gun Flak Gun Missile Launcher Remote Datajack Peak State ------------ > --- POWER ------------ Heavy Ion Engine Light Deuterium Engine > --- PROPULSION ------- Gravmag System Gravmag System VTOL Module VTOL Module > --- UTILITY ---------- Improved Heat Sink Huge Storage Unit Energy Well Layered Light Armor Plating Hacking Suite > --- WEAPON ----------- Advanced Beam Rifle Heavy Ion Cannon Heavy Ion Cannon Cooled Plasma Cannon > --- INVENTORY -------- Micro Nuclear Core Carbon-fiber Leg Improved Heat Sink Advanced Sensor Array Advanced Terrain Scan Processor Improved Particle Charger Kinecellerator Force Field Shock Rifle Shock Rifle Heavy Particle Gun Heavy Particle Gun Precision Beam Rifle Plasma Rifle Heavy Ion Cannon Flak Gun Flak Gun Missile Launcher Remote Datajack [Rating: 59] Favorites ----------- Power Heavy Ion Engine Engine Heavy Ion Engine Power Core Light Nuclear Core Propulsion Light Treads Treads Light Treads Leg Carbon-fiber Leg Wheel Wheel Hover Unit Gravmag System Flight Unit VTOL Module Utility Huge Storage Unit Device Improved Heat Sink Storage Huge Storage Unit Processor Targeting Computer Hackware Hacking Suite Protection Layered Light Armor Plating Weapon Heavy Ion Cannon Energy Gun Advanced Beam Rifle Energy Cannon Heavy Ion Cannon Ballistic Gun Assault Rifle Ballistic Cannon Improved Light Cannon Launcher Missile Launcher Special Weapon Remote Datajack Build | -11 -10 -9 -9 -8 -7 -6 ------- Run | Yrd Mat Mat Min Mat Fac Fac Slots Evolved 8 | . . 2 . 2 2 2 Power 1 | . . . . . 1 . Propulsion 2 | . . 1 . 1 . . Utility 3 | . . . . 1 1 1 Weapon 2 | . . 1 . . . 1 Parts Attached 111 | 6 5 5 4 30 19 42 Power 16 | 1 1 1 . 4 3 6 Engine 8 | 1 1 1 . . 1 4 Core 8 | . . . . 4 2 2 Reactor . | . . . . . . . Propulsion 30 | 2 . 1 . 11 2 14 Treads 19 | 2 . 1 . 8 2 6 Leg 5 | . . . . 3 . 2 Wheel 1 | . . . . . . 1 Hover 3 | . . . . . . 3 Flight 2 | . . . . . . 2 Utility 22 | 1 2 . 1 7 3 8 Device 14 | . 1 . 1 4 2 6 Storage 4 | 1 1 . . 1 . 1 Processor 1 | . . . . 1 . . Hackware 1 | . . . . 1 . . Protection 2 | . . . . . 1 1 Artifact . | . . . . . . . Weapon 43 | 2 2 3 3 8 11 14 Energy Gun 17 | 1 . . 1 2 4 9 Energy Cannon 4 | . . . . . . 4 Ballistic Gun 14 | 1 2 3 1 4 3 . Ballistic Cannon 4 | . . . . . 4 . Launcher 3 | . . . 1 2 . . Special Weapon 1 | . . . . . . 1 Impact Weapon . | . . . . . . . Slashing Weapon . | . . . . . . . Piercing Weapon . | . . . . . . . Special Melee Weapon . | . . . . . . . Unidentified Prototypes 7 | . . 1 1 1 3 1 Parts Lost 28 | . . . . 1 . 27 Power 6 | . . . . 1 . 5 Propulsion 10 | . . . . . . 10 Utility 5 | . . . . . . 5 Weapon 7 | . . . . . . 7 Highest Loss Streak 13 | . . . . 1 . 13 To Critical Strikes . | . . . . . . . Average Slot Usage (%) 91 | . 96 94 100 99 99 84 Engine 8 | . 14 11 11 1 6 10 Core 2 | . . . . 7 7 1 Treads 16 | . 28 28 33 31 30 2 Leg 2 | . . . . 3 . 2 Flight 2 | . . . . . . 6 Device 10 | . 10 11 11 10 8 10 Storage 10 | . 14 11 11 9 7 10 Hackware 4 | . . . . 5 7 6 Protection 2 | . . . . . 5 3 Energy Gun 7 | . 1 . 8 9 . 10 Energy Cannon 5 | . . . . . . 10 Ballistic Gun 10 | . 26 33 22 16 10 1 Ballistic Cannon 1 | . . . . . 11 . Peak Build Rating 59 | 6 8 14 18 33 39 59 Average Rating 35 | 5 7 11 16 27 36 48 On Entrance 16 | . 6 8 14 17 33 36 Naked Turns . | . . . . . . . Heaviest Build 132 | 13 33 35 37 98 114 132 Greatest Support 102 | 40 40 60 60 88 82 102 Greatest Overweight (x) 42 | . . . . 1 1 42 Average Overweight (x) 3 | . . . . . 1 11 Largest Inventory Capacity 25 | 8 15 15 15 25 25 25 Average Capacity 22 | 7 14 15 15 21 25 25 Most Carried 25 | 6 13 15 15 25 25 25 Average Carried 16 | 4 10 13 14 13 22 18 Final Capacity 25 | 8 15 15 15 25 25 25 Final Carried 25 | 6 13 14 14 25 24 18 Class Distribution -------------------- 39% | Scavenger-Tank 18% | Skirmisher 12% | Tank 9% | Mutant 8% | Gunner 5% | Scavenger-Skirmisher 3% | Infiltrator-Skirmisher Dominant Class ---------------- Mutant | -10/Materials Skirmisher | -9/Materials Gunner | -9/Mines Skirmisher | -8/Materials Scavenger-Tank | -7/Factory Scavenger-Tank | -6/Factory Resources | -11 -10 -9 -9 -8 -7 -6 ----------- Run | Yrd Mat Mat Min Mat Fac Fac Matter Collected 2201 | 272 108 124 109 661 187 740 Remotely . | . . . . . . . Salvage Created 3380 | 87 202 124 99 879 192 1797 Parts 171 | 2 15 16 3 53 19 63 Haulers Intercepted 5 | . . 1 . 2 2 . Recyclers Shooed 3 | . . 2 . . . 1 Parts Field Recycled . | . . . . . . . Retrieved Matter . | . . . . . . . Parts Self-Destructed . | . . . . . . . Prevented . | . . . . . . . Kills | -11 -10 -9 -9 -8 -7 -6 ------- Run | Yrd Mat Mat Min Mat Fac Fac Combat Hostiles Destroyed 56 | . 6 4 2 20 3 21 Guns 37 | . 6 4 2 17 2 6 Cannons 14 | . . . . . 1 13 AOE 4 | . . . . 3 . 1 Classes Destroyed 12 | 1 2 3 . 4 1 1 Worker 4 | . . . . 1 1 2 Builder 2 | . . 1 . 1 . . Tunneler 2 | . . . . . . 2 Hauler 5 | . . 1 . 2 2 . Recycler 6 | 1 . . . . . 5 Operator 1 | . . . . 1 . . Watcher 2 | . . 1 . 1 . . Swarmer 16 | . 2 4 . 7 . 3 Grunt 27 | . 4 . 2 11 . 10 Brawler 1 | . . . . 1 . . Sentry 2 | . . . . 1 . 1 Programmer 10 | . . . . . 3 7 Best Kill Streak 5 | 1 4 4 2 5 2 3 Combat Bots Only 5 | . 4 4 2 5 1 3 Max Kills in Single Turn 2 | 1 1 2 1 2 2 2 Gunslinging 1 | . . 1 . . . . Exploded 1 | . . . . 1 . 1 Melee . | . . . . . . . Uniques/NPCs Destroyed . | . . . . . . . Combat | -11 -10 -9 -9 -8 -7 -6 -------- Run | Yrd Mat Mat Min Mat Fac Fac Hostile Shots Fired 552 | . 21 41 7 105 43 335 Missed 137 | . 6 14 1 33 9 74 Damage Taken 6334 | . 181 210 81 1168 508 4186 Core 1138 | . 58 36 33 111 44 856 Absorbed by Shields 115 | . . . . . . 115 Regen/Repaired (Parts) 96 | . . . . 77 . 19 Core Remaining (%) 86 | 100 76 . 82 79 93 . Volleys Fired 169 | 4 14 12 3 51 20 65 Largest 4 | 2 2 3 3 3 3 4 Hottest 226 | 60 40 60 99 134 106 226 Shots Fired 470 | 8 28 36 9 137 60 192 Gun 352 | 8 28 36 9 133 31 107 Cannon 112 | . . . . . 29 83 Launcher 4 | . . . . 4 . . Special 2 | . . . . . . 2 Kinetic 225 | 4 28 36 6 85 60 6 Thermal 216 | 4 . . 3 42 . 167 Explosive 4 | . . . . 4 . . Electromagnetic 23 | . . . . 6 . 17 Robot Hit Streak 19 | 2 7 4 8 15 9 19 Robot Miss Streak 5 | 2 1 4 1 4 2 5 Penetration Max . | . . . . . . . Secondary Targets 5 | . . 3 . 2 . . Max Gunslinging Chain 2 | . . 2 . 1 . . Shots Hit Robots 298 | 4 19 14 6 94 35 126 Core Hits 134 | 2 11 7 2 48 10 54 Critical Kills . | . . . . . . . Critical Parts Destroyed 1 | . . . . 1 . . Critical Strikes 12 | . . . . 4 1 7 Burn 10 | . . . . 3 . 7 Destroy 1 | . . . . 1 . . Blast 1 | . . . . . 1 . Melee Attacks . | . . . . . . . Impact . | . . . . . . . Slashing . | . . . . . . . Piercing . | . . . . . . . Sneak Attacks . | . . . . . . . Combat Hostiles . | . . . . . . . Follow-up Attacks . | . . . . . . . Damage Inflicted 6340 | 43 238 169 99 1830 723 3238 Guns 3884 | 43 238 167 99 1432 360 1545 Cannons 1868 | . . . . . 227 1641 Explosions 583 | . . . . 398 136 49 Melee . | . . . . . . . Ramming 5 | . . 2 . . . 3 Kinetic 2057 | 10 238 167 63 899 587 93 Thermal 3531 | 33 . . 36 487 136 2839 Explosive 311 | . . . . 311 . . Electromagnetic 436 | . . . . 133 . 303 Impact . | . . . . . . . Slashing . | . . . . . . . Piercing . | . . . . . . . Highest Corruption 6 | . . . . 1 6 3 Average Corruption 1 | . . . . 1 4 1 Corruption Purged . | . . . . . . . Corruption Blocked . | . . . . . . . Effects 45 | . . . . 6 10 29 Message Errors 15 | . . . . 1 5 9 Matter Fused 8 | . . . . 1 2 5 Heat Flow Errors 3 | . . . . . . 3 Energy Discharges 3 | . . . . 2 . 1 Parts Rejected 2 | . . . . 1 1 . Data Loss (minor) 10 | . . . . 1 1 8 Data Loss (major) 2 | . . . . . . 2 Misfires 1 | . . . . . . 1 Alerts 1 | . . . . . 1 . Overload Shots . | . . . . . . . Overflow Damage 84 | . . . . . 25 59 Projectiles 39 | . . . . . 8 31 Explosions 45 | . . . . . 17 28 Melee . | . . . . . . . Knockbacks 6 | . . 1 . . 5 . Impact 1 | . . 1 . . . . Kinetic 4 | . . . . . 4 . Secondary 1 | . . . . . 1 . Self-Inflicted Damage 286 | . . . . 130 . 156 Shots 6 | . . . . 4 . 2 Rammed 1 | . . . . . . 1 Targets Rammed 2 | . . 1 . . . 1 Kicked . | . . . . . . . Crushed 1 | . . 1 . . . . Highest Temperature 605 | . 33 . 84 276 302 605 Average Temperature 115 | . 13 . 55 83 105 137 Received Heat Transfer 2038 | . 114 . 45 513 . 1366 Effects 18 | . . . . 3 . 15 Shutdowns 2 | . . . . . . 2 Energy Bleed 4 | . . . . 1 . 3 Interference 4 | . . . . 2 . 2 Matter Decay 2 | . . . . . . 2 Short Circuit 1 | . . . . . . 1 Damage (minor) 2 | . . . . . . 2 Damage (major) 3 | . . . . . . 3 Siege Activations . | . . . . . . . Robots Corrupted . | . . . . . . . Combat Hostiles . | . . . . . . . Parts Fried 1 | . . . . . . 1 Impact Corruptions . | . . . . . . . Robots Melted 1 | . . . . . . 1 Combat Hostiles 1 | . . . . . . 1 Parts Melted 19 | . . . . 1 . 18 Heat Transferred 6514 | 75 . . 74 1295 100 4970 Parts Sabotaged 2 | . . . . . . 2 Parts Stolen . | . . . . . . . Parts Stripped . | . . . . . . . Power Chain Reactions 3 | . . . . 2 . 1 Alert | -11 -10 -9 -9 -8 -7 -6 ------- Run | Yrd Mat Mat Min Mat Fac Fac Peak Influence 475 | 5 233 183 135 475 171 452 Initial 164 | . 3 13 70 . 164 60 Average 130 | 1 92 127 110 199 93 128 Maximum Alert Level 2 | . 1 . . 2 . 2 Low Security (%) 78 | 100 72 100 100 47 100 78 Level 1 16 | . 27 . . 44 . 14 Level 2 4 | . . . . 8 . 7 Level 3 . | . . . . . . . Level 4 . | . . . . . . . Level 5 . | . . . . . . . High Security . | . . . . . . . Max Security . | . . . . . . . Squads Dispatched 21 | . 2 1 . 3 2 13 Investigation 4 | . 1 . . 2 . 1 Extermination 8 | . . . . . 2 6 Reinforcement 6 | . 1 1 . 1 . 3 Assault 2 | . . . . . . 2 Garrison 1 | . . . . . . 1 Intercept . | . . . . . . . Searches Triggered . | . . . . . . . Construction Impeded . | . . . . . . . Haulers Reinforced . | . . . . . . . Active Scanning Responses . | . . . . . . . Cargo Convoy Interrupts . | . . . . . . . Stealth | -11 -10 -9 -9 -8 -7 -6 --------- Run | Yrd Mat Mat Min Mat Fac Fac Distress Signals 3 | . . . . 2 . 1 Communications Jammed . | . . . . . . . Distress Signals . | . . . . . . . Times Spotted 100 | . 10 10 2 37 8 33 Peak Tracking Total 6 | . 4 4 2 5 3 6 Tactical Retreats 7 | . 2 . . 4 . 1 Traps | -11 -10 -9 -9 -8 -7 -6 ------- Run | Yrd Mat Mat Min Mat Fac Fac Traps Triggered 2 | . 1 . . . . 1 Indirectly . | . . . . . . . Trap Hack Attempts . | . . . . . . . Triggered . | . . . . . . . Disarmed . | . . . . . . . Reprogrammed 4 | . . . . 4 . . Reused . | . . . . . . . Traps Extracted . | . . . . . . . Installed . | . . . . . . . Triggered . | . . . . . . . Machines | -11 -10 -9 -9 -8 -7 -6 ---------- Run | Yrd Mat Mat Min Mat Fac Fac Machines Disabled 13 | . . . 1 6 2 4 Max in Single Turn 4 | . . . 1 4 2 1 Garrison Access 1 | . . . . . . 1 Machines Repaired . | . . . . . . . Machines Dismantled . | . . . . . . . Machines Sabotaged . | . . . . . . . Overloaded Fab Kills . | . . . . . . . Hacking | -11 -10 -9 -9 -8 -7 -6 --------- Run | Yrd Mat Mat Min Mat Fac Fac Machines Accessed 15 | . 3 . 1 4 2 5 Terminals 11 | . 3 . 1 2 1 4 Fabricators 1 | . . . . . 1 . Repair Stations 2 | . . . . 1 . 1 Recycling Units . | . . . . . . . Scanalyzers 1 | . . . . 1 . . Garrison Access . | . . . . . . . Total Hacks 46 | . 10 . 2 15 3 16 Successful 36 | . 8 . 2 14 2 10 Failed 10 | . 2 . . 1 1 6 Catastrophic 2 | . . . . . . 2 Database Lockouts . | . . . . . . . Manual . | . . . . . . . Terminals 35 | . 10 . 2 8 2 13 Fabricators 1 | . . . . . 1 . Repair Stations 6 | . . . . 3 . 3 Recycling Units . | . . . . . . . Scanalyzers 4 | . . . . 4 . . Garrison Access . | . . . . . . . Terminal Hacks 28 | . 8 . 2 8 2 8 Record 11 | . 2 . 1 5 . 3 Part Schematic 1 | . . . . . . 1 Robot Analysis 1 | . . . . 1 . . Prototype ID Bank 1 | . . . . . 1 . Emergency Access Points 1 | . 1 . . . . . Fabricator Index 1 | . . . . . . 1 Alert Level 3 | . 1 . . . 1 1 Locate Traps 2 | . . . . 1 . 1 Reprogram Traps 1 | . . . . 1 . . Dispatch Records 1 | . 1 . . . . . Maintenance Status 1 | . . . . . . 1 Reinforcement Status 1 | . 1 . . . . . Zone Layout 3 | . 2 . 1 . . . Fabricator Hacks . | . . . . . . . Repair Station Hacks 4 | . . . . 2 . 2 Scan Component 2 | . . . . 1 . 1 Repair 2 | . . . . 1 . 1 Recycling Unit Hacks . | . . . . . . . Scanalyzer 4 | . . . . 4 . . Insert Component 2 | . . . . 2 . . Analyze 2 | . . . . 2 . . Garrison Access Hacks . | . . . . . . . Unauthorized Hacks . | . . . . . . . Terminals . | . . . . . . . Fabricators . | . . . . . . . Repair Stations . | . . . . . . . Recycling Units . | . . . . . . . Scanalyzers . | . . . . . . . Garrison Access . | . . . . . . . Data Cores Recovered . | . . . . . . . Used . | . . . . . . . Hacking Detections 10 | . 1 . 1 4 1 3 Full Trace Events 3 | . . . . 2 . 1 Feedback Events 1 | . . . . 1 . . Corruption 1 | . . . . 1 . . Feedback Blocked . | . . . . . . . Robot Schematics Acquired . | . . . . . . . Robots Built . | . . . . . . . Authchips . | . . . . . . . Time . | . . . . . . . Total Robot Build Rating . | . . . . . . . Part Schematics Acquired 3 | . . . . 2 . 1 Parts Built . | . . . . . . . Authchips . | . . . . . . . Time . | . . . . . . . Total Part Build Rating . | . . . . . . . Parts Repaired 2 | . . . . 1 . 1 Time 44 | . . . . 19 . 25 Parts Recycled . | . . . . . . . Recycled Matter . | . . . . . . . Retrieved Matter . | . . . . . . . Retrieved Components . | . . . . . . . Parts Scanalyzed 2 | . . . . 2 . . Part Schematics Acquired 2 | . . . . 2 . . Parts Damaged . | . . . . . . . Bothacking | -11 -10 -9 -9 -8 -7 -6 ------------ Run | Yrd Mat Mat Min Mat Fac Fac Used RIF Installer . | . . . . . . . Robots Hacked 2 | . . . . . . 2 Non-combat . | . . . . . . . Combat 2 | . . . . . . 2 Robot Hacks Applied 2 | . . . . . . 2 parse_system 2 | . . . . . . 2 Relay Couplers Released 2 | . . . . . . 2 Machine Destruction 2 | . . . . . . 2 Fabnet Peak Effective % . | . . . . . . . Robots Rewired . | . . . . . . . Allies Hacked . | . . . . . . . Hacks Repelled . | . . . . . . . Allies | -11 -10 -9 -9 -8 -7 -6 -------- Run | Yrd Mat Mat Min Mat Fac Fac Total Allies . | . . . . . . . Largest Group . | . . . . . . . Highest-Rated Group . | . . . . . . . Highest-Rated Ally . | . . . . . . . Total Orders . | . . . . . . . Ally Attacks . | . . . . . . . Total Damage . | . . . . . . . Kills . | . . . . . . . Allies Corrupted . | . . . . . . . Allies Melted . | . . . . . . . Intel | -11 -10 -9 -9 -8 -7 -6 ------- Run | Yrd Mat Mat Min Mat Fac Fac Robot Analysis Total 1 | . . . . 1 . . Derelict Logs Recovered 1 | . . . 1 . . . Drone Launches . | . . . . . . . Drone Recoveries . | . . . . . . . Exploration | -11 -10 -9 -9 -8 -7 -6 ------------- Run | Yrd Mat Mat Min Mat Fac Fac Turns Passed 6865 | 115 511 386 408 1207 990 3248 Spaces Moved 2085 | 56 271 169 228 480 368 513 Core 33 | 2 . . . . . 31 Treads 1641 | 54 271 169 228 433 368 118 Legs 62 | . . . . 47 . 15 Wheels 237 | . . . . . . 237 Hover 25 | . . . . . . 25 Flight 87 | . . . . . . 87 Fastest Speed 50 | 50 160 160 160 123 236 236 Average Speed 281 | 156 160 160 160 194 236 567 Slowest Speed 2605 | 160 160 160 160 232 236 2605 Overloaded Moves . | . . . . . . . Propulsion Burnouts . | . . . . . . . Robots Hopped . | . . . . . . . Cave-ins Triggered . | . . . . . . . Exploration Rate (%) 24 | 5 48 17 37 37 12 14 Regions Visited 6 Branch Regions 1 Pre-discovered Areas . | . . . . . . . Known Exits Taken . | . . . . . . . Unknown Exits Taken 6 | 1 1 1 1 1 1 . Scrap Searched 1 | . . . 1 . . . Spaces Dug . | . . . . . . . Terrain Destroyed 83 | . . . . 22 37 24 Melee . | . . . . . . . Projectile 10 | . . . . . . 10 AOE 73 | . . . . 22 37 14 Terrain Rammed . | . . . . . . . Walls Destroyed . | . . . . . . . Machines Disabled . | . . . . . . . Actions | -11 -10 -9 -9 -8 -7 -6 --------- Run | Yrd Mat Mat Min Mat Fac Fac Total 2720 | 73 319 261 264 654 444 705 Wait 211 | 1 21 56 26 41 24 42 Move 2079 | 55 270 168 227 479 367 513 Hop . | . . . . . . . Pick Up 73 | 7 7 10 2 26 6 15 Fast Attach 31 | 5 2 1 . 10 1 12 Attach 30 | 1 . 1 . 6 4 18 Detach 5 | . . . . 3 . 2 Swap 50 | . 3 3 4 14 14 12 Drop 62 | . 2 9 2 24 8 17 Fire 169 | 4 14 12 3 51 20 65 Melee . | . . . . . . . Ram . | . . . . . . . Kick . | . . . . . . . Crush 2 | . . 1 . . . 1 Escape Stasis 8 | . . . . . . 8 Rewire . | . . . . . . . Trap . | . . . . . . . Miscellaneous . | . . . . . . . Route ------- -11/Scrapyard -10/Materials -9/Materials (discovered 2 exits: *Min / [*Sto]) -9/Mines (discovered 2 exits: *Mat x2) -8/Materials -7/Factory (discovered 2 exits: *Fac x2) -6/Factory History --------- Turn | Location | Event 18 | -11/Scrapyard | Discovered new exit (range 16) 116 | -11/Scrapyard | Entered Materials 314 | -10/Materials | Build established: Mutant 503 | -10/Materials | Discovered new exit (range 14) 627 | -10/Materials | Entered another Materials area 627 | -9/Materials | Evolved 2 slots: Propulsion x1, Weapon x1 628 | -9/Materials | Discovered new exit (range 15) 933 | -9/Materials | Build established: Skirmisher 1005 | -9/Materials | Discovered new exit (range 5) 1013 | -9/Materials | Entered Mines 1020 | -9/Mines | Received a Rocket Launcher from a helpful Derelict 1043 | -9/Mines | Met a Derelict bent on vengeance 1178 | -9/Mines | Discovered new exit (range 7) 1179 | -9/Mines | Learned Materials emergency access door positions 1322 | -9/Mines | Discovered new exit (range 5) 1384 | -9/Mines | Assembled infested the area 1421 | -9/Mines | Entered Materials 1421 | -8/Materials | Evolved 2 slots: Propulsion x1, Utility x1 2318 | -8/Materials | Repaired Adv. Treads? 2542 | -8/Materials | Discovered new exit (range 3) 2628 | -8/Materials | Entered Factory 2628 | -7/Factory | Evolved 2 slots: Power x1, Utility x1 2920 | -7/Factory | Build established: Scavenger-Tank 2921 | -7/Factory | Discovered new exit (range 15) 3571 | -7/Factory | Discovered new exit (range 16) 3618 | -7/Factory | Entered another Factory area 3618 | -6/Factory | Evolved 2 slots: Utility x1, Weapon x1 3901 | -6/Factory | Core integrity fell below 50% 3923 | -6/Factory | Lost 13 parts (2p5n3u3w) 4186 | -6/Factory | Build established: Tank 4986 | -6/Factory | Repaired Power Amplifier 5659 | -6/Factory | Build established: Scavenger-Tank 6768 | -6/Factory | First assault squad dispatched 6858 | -6/Factory | Core integrity fell below 20% 6866 | -6/Factory | Destroyed by H-66 Slayer with Gauss Rifle Last Messages --------------- U-05 Engineer destroyed. Penetrated by Slug. Cld. Plasma Cannon destroyed. Slug penetrates Wall. Slammed into G-67 Veteran. Penetrated by Slug. Hvy. Ion Cannon destroyed. Penetrated by Slug. Slug penetrates Wall. Mic. Nuclear Core destroyed. Wall collapses. Imp. Heat Sink destroyed. Lyr. Light Armor Plating destroyed. Penetrated by Slug. Lgt. Treads destroyed. Imp. Deuterium Engine destroyed. Slug penetrates G-67 Veteran. K-01 Serf collects debris. Hvy. Particle Gun destroyed. Penetrated by Slug. Map ----- +----------------------------------------------------+ | ?????????????????????????????????????????????????? | | ?????????????????????????????????????????????????? | | ?????????????????????????????????????????????????? | | ?????????????????????????????????????????????????? | | ?????????????????????????????????????????????????? | | ?????????????????????????????????????????????????? | | ?????????????????????????????????????????????????? | | ?????????????????????????????????????????????????? | | ?????????????????????????????????????????????????? | | ?????????????????????????????????????????????????? | | ?????????????????????????????????????????????????? | | ?????????????????????????+???????????????????????? | | ?????????????????????????!???????????????????????? | | ?????????????????????????%???????????????????????? | | ?????????????????????????*???????????????????????? | | ?????????????????????????=???????????????????????? | | ????????????????????????? ???????????????????????? | | ????????????????????????# #??????????????????????? | | ????????????????????????# #??????????????????????? | | ??????????????#?????????# #??????????????????????? | | ??????????????? ######## #??????????????????????? | | ????????????????? #??????????????????????? | | ??????????????????? =#??????????????????????? | | ????????????????????? *!*#####??????????????????? | | ???????????????????????!hg%h! +??????????????????? | | ????????????????????????#@;#?????????????????????? | | ????????????????????????#%##?????????????????????? | | ?????????????????########p#####??????????????????? | | ?????????????????#! !== #??????????????????? | | ??????????""?????# """""[ #??????????????????? | | ????????? ????# """"" #??????????????????? | | ?????????? ??# "" g #??????????????????? | | ???????????? ?# b = #??????????????????? | | ?????????????? # #??????????????????? | | ???????????????? +!"* #??????????????????? | | ?????????????????# ] #??????????????????? | | ?????????????????# G%%[% #??????????????????? | | ?????????????????# "" % #??????????????????? | | ??????? # "=%! #??????????????????? | | ??????? #!!=%% = #??????????????????? | | ??????? ####+##+######??????????????????? | | ????????? ???????#!*! #???????????????????????? | | ??? ???????????#= #????########???????????? | | ? ???????????# #???# #???????????? | | # ???????????# #???# #???????????? | | # ???????????# #???# ! #???????????? | | # #???????????# #???# #???????????? | | # #???????????# #?### #???????????? | | ############# ##### #???????????? | | # #???????????? | +----------------------------------------------------+ Best States ------------- Heat Dissipation 51 Energy Generation 26 Energy Capacity 810 Matter Stores 300 Matter Capacity 300 Sight Range 16 Robot Scan Range 16 Terrain Scan Density 10 ECM Strength 1 Power Amplification 20 Armor Coverage 225 Evasion (%) 55 Targeting Accuracy 5 Recoil Reduction 4 Offensive Hacking 10 Item Schematics ----------------- Hvy. Ion Engine | -8/Materials | Scanalyzed Hacking Suite | -8/Materials | Scanalyzed Hvy. Gauss Cannon | -6/Factory | Hacked Robot Schematics ------------------ None Fabricated ------------ Nothing Alien Tech Used ----------------- None Achievements -------------- It's Just You Librarian Oops Safety First Universal Adapter Challenges ------------ None Game ------ Seed PropulsionTachyonFalx Manual? 0 Play Time 01:47:29 Cumulative 12.5 hours Start 2024.08.17 @ 16:53:46 End 2024.08.17 @ 20:17:29 Sessions 5 Manual Loads 0 Difficulty Rogue Special Mode None Game No. 9 Rogue 9 Adventurer 0 Explorer 0 Win Type - Total 0 Types 0/0/0/0/0/0/0/0/0 Lore% 2 Gallery% 13 Achievement% 14 Wizard Run 0 Options --------- Layout 1 ASCII 0 Keyboard 0 Movement Mouse Keybinds 0 Fullscreen 1 Font 32/SmallcapsGlow Map View 77x35 Zoom Use 0% Tactical HUD 0 Map Filters NONE Filters NONE Steam 1 RUN: 4ee3bd23-262d-499f-b275-28db2b13fd4f